SL
TENNESSEE SMOKIES @ PENSACOLA BLUE WAHOOS
05/07/2110
 
TOP OF THE 1ST
Tennessee Smokies batting - Pitching for Pensacola Blue Wahoos : RHP Bill Penn
Pitching: RHP Bill Penn
Batting: RHB Mike Lowery 0-0: Ball
1-0: TRIPLE (Flyball, 9LD, EV 95.6 MPH)
Batting: LHB John Griffin 0-0: Ball
1-0: Ball
2-0: Fly out, F7 (Flyball, 7, EV 97.5 MPH)
Runner from 3rd tags up, SCORES, no throw by LF
Batting: RHB Jaylen Craighead 0-0: Fly out, F7 (Flyball, 7LSF, EV 91.9 MPH)
Batting: LHB Leo Garcia 0-0: Ball
1-0: Called Strike
1-1: Fly out, F9 (Flyball, 9, EV 91.9 MPH)
Top of the 1st over - 1 run, 1 hit, 0 errors, 0 left on base; Tennessee 1 - Pensacola 0
BOTTOM OF THE 1ST
Pensacola Blue Wahoos batting - Pitching for Tennessee Smokies : LHP Andy Stember
Pitching: LHP Andy Stember
Batting: RHB Jake Powell 0-0: Ball
1-0: Foul Ball, location: 2F
1-1: Ball
2-1: Foul Ball, location: 5FF
2-2: Foul Ball, location: 2F
2-2: Ball
3-2: Foul Ball, location: 2F
3-2: Base on Balls
Batting: RHB Pete Martens 0-0: Ball
1-0: Swinging Strike
1-1: Ground out 6-3 (Groundball, P, EV 88.1 MPH)
Jake Powell to second
Batting: RHB Nick Gillett 0-0: Ball
1-0: Foul Ball, location: 2F
1-1: Ball
2-1: Foul Ball, location: 2F
2-2: Foul Ball, location: 23F
2-2: Foul Ball, location: 9LDF
2-2: Ball
3-2: Base on Balls
Batting: SHB Blaine Rivera 0-0: Called Strike
0-1: Ball
1-1: Grounds into double play, 6-4-3 (Groundball, 6S, EV 83.1 MPH)
Bottom of the 1st over - 0 runs, 0 hits, 0 errors, 1 left on base; Tennessee 1 - Pensacola 0
TOP OF THE 2ND
Tennessee Smokies batting - Pitching for Pensacola Blue Wahoos : RHP Bill Penn
Batting: RHB Miles Thrash 0-0: Foul Ball, location: 25F
0-1: Ball
1-1: Ball
2-1: Ball
3-1: Foul Ball, location: 25FF
3-2: Base on Balls
Batting: LHB Armando Dias 0-0: Called Strike
0-1: SINGLE (Groundball, 34, EV 108.1 MPH) (infield hit)
Miles Thrash to second
Batting: RHB Zack Tamburino 0-0: Swinging Strike
0-1: Fly out, F3 (Popup, 3S, EV 71.9 MPH)
Batting: RHB John Brady 0-0: Called Strike
0-1: Ball
1-1: Ball
2-1: Ball
3-1: Foul Ball, location: 2F
3-2: Strikes out swinging
Batting: RHB Andy Hall 0-0: Ball
1-0: Ball
2-0: Foul Ball, location: 9LMF
2-1: Swinging Strike
2-2: Strikes out looking
Top of the 2nd over - 0 runs, 1 hit, 0 errors, 2 left on base; Tennessee 1 - Pensacola 0
BOTTOM OF THE 2ND
Pensacola Blue Wahoos batting - Pitching for Tennessee Smokies : LHP Andy Stember
Batting: RHB Ryan Kralik 0-0: Ball
1-0: Foul Ball, location: 9LSF
1-1: Called Strike
1-2: Foul Ball, location: 9LMF
1-2: Ball
2-2: Ball
3-2: Base on Balls
Batting: RHB Leo Rodriguez 0-0: Grounds into double play, 5-4-3 (Groundball, 56, EV 78.8 MPH)
Batting: SHB Basilio Santana 0-0: Swinging Strike
0-1: Ground out U3 (Groundball, 34, EV 104.4 MPH)
Bottom of the 2nd over - 0 runs, 0 hits, 0 errors, 0 left on base; Tennessee 1 - Pensacola 0
TOP OF THE 3RD
Tennessee Smokies batting - Pitching for Pensacola Blue Wahoos : RHP Bill Penn
Batting: RHB Mike Lowery 0-0: Ball
1-0: Called Strike
1-1: Ball
2-1: Ball
3-1: Base on Balls
Batting: LHB John Griffin 0-0: Ball
Mike Lowery steals 2nd base
1-0: Ball
2-0: Called Strike
2-1: Foul Ball, location: 2F
2-2: DOUBLE (Line Drive, 5D, EV 101.3 MPH)
Mike Lowery scores
Batting: RHB Jaylen Craighead 0-0: Fly out, F6 (Popup, P, EV 73.1 MPH)
Batting: LHB Leo Garcia 0-0: Ball
1-0: Ball
2-0: 2-RUN HOME RUN (Flyball, 78XD, EV 105.0 MPH), Distance : 408 ft
Batting: RHB Miles Thrash 0-0: Called Strike
0-1: Ball
1-1: Ball
2-1: Ball
3-1: Base on Balls
Batting: LHB Armando Dias 0-0: Called Strike
Miles Thrash steals 2nd base
0-1: Ball
1-1: Foul Ball, location: 2F
1-2: SINGLE (Line Drive, 7S, EV 95.0 MPH)
Miles Thrash to third
Batting: RHB Zack Tamburino 0-0: Ball
1-0: Fly out, F4 (Popup, 4M, EV 52.5 MPH)
Batting: RHB John Brady 0-0: Ball
1-0: Ball
2-0: Called Strike
2-1: Ball
3-1: Swinging Strike
3-2: Strikes out looking
Top of the 3rd over - 3 runs, 3 hits, 0 errors, 2 left on base; Tennessee 4 - Pensacola 0
BOTTOM OF THE 3RD
Pensacola Blue Wahoos batting - Pitching for Tennessee Smokies : LHP Andy Stember
Batting: RHB Jeremy Kennedy 0-0: Ball
1-0: Swinging Strike
1-1: Foul Ball, location: 2F
1-2: Ball
2-2: Ball
3-2: Base on Balls
Batting: SHB Alex Valdivia 0-0: Ball
1-0: Called Strike
1-1: Ball
2-1: Ball
3-1: Base on Balls
Jeremy Kennedy to second
Batting: RHB Jake Powell 0-0: Called Strike
0-1: Ball
1-1: Grounds into double play, 4-6-3 (Groundball, 4, EV 84.4 MPH)
Jeremy Kennedy to third
Batting: RHB Pete Martens 0-0: Ball
1-0: Fly out, F8 (Line Drive, 8RM, EV 85.6 MPH)
Bottom of the 3rd over - 0 runs, 0 hits, 0 errors, 1 left on base; Tennessee 4 - Pensacola 0
TOP OF THE 4TH
Tennessee Smokies batting - Pitching for Pensacola Blue Wahoos : RHP Bill Penn
Batting: RHB Andy Hall 0-0: Foul Ball, location: 25F
0-1: Ball
1-1: Ball
2-1: Ball
3-1: Base on Balls
Batting: RHB Mike Lowery 0-0: Ball
Andy Hall steals 2nd base
1-0: Ball
2-0: Called Strike
2-1: Foul Ball, location: 7LSFF
2-2: Ball
3-2: Strikes out swinging
Batting: LHB John Griffin 0-0: Called Strike
0-1: Ball
1-1: Swinging Strike
1-2: Fly out, F9 (Line Drive, 9, EV 98.1 MPH)
Batting: RHB Jaylen Craighead 0-0: Ball
1-0: Called Strike
1-1: Ball
2-1: Ball
3-1: Ground out U3 (Groundball, 34, EV 91.3 MPH)
Top of the 4th over - 0 runs, 0 hits, 0 errors, 1 left on base; Tennessee 4 - Pensacola 0
BOTTOM OF THE 4TH
Pensacola Blue Wahoos batting - Pitching for Tennessee Smokies : LHP Andy Stember
Batting: RHB Nick Gillett 0-0: Ball
1-0: Foul Ball, location: 25F
1-1: Ball
2-1: Ball
3-1: Base on Balls
Batting: SHB Blaine Rivera 0-0: Swinging Strike
0-1: Called Strike
0-2: Ball
1-2: Strikes out swinging
Batting: RHB Ryan Kralik 0-0: Ball
1-0: Swinging Strike
1-1: Fly out, F9 (Flyball, 9S, EV 88.1 MPH)
Batting: RHB Leo Rodriguez 0-0: Ball
1-0: Foul Ball, location: 9LDF
1-1: Foul Ball, location: 2F
1-2: Fly out, F7 (Flyball, 7LM, EV 88.8 MPH)
Bottom of the 4th over - 0 runs, 0 hits, 0 errors, 1 left on base; Tennessee 4 - Pensacola 0
TOP OF THE 5TH
Tennessee Smokies batting - Pitching for Pensacola Blue Wahoos : RHP Bill Penn
Batting: LHB Leo Garcia 0-0: Swinging Strike
0-1: Ball
1-1: Foul Ball, location: 5SF
1-2: Strikes out swinging
Batting: RHB Miles Thrash 0-0: Called Strike
0-1: Foul Ball, location: 2F
0-2: Foul Ball, location: 23FF
0-2: Ball
1-2: Foul Ball, location: 5SF
1-2: Foul Ball, location: 2F
1-2: Foul Ball, location: 5FF
1-2: DOUBLE (Line Drive, 9LD, EV 105.6 MPH)
Pinch Runner at 2nd Armando Damasco:
Batting: LHB Armando Dias 0-0: Foul Ball, location: 2F
0-1: Ball
1-1: Called Strike
1-2: Ball
2-2: Foul Ball, location: 3F
2-2: Ball
3-2: Foul Ball, location: 23FF
3-2: Base on Balls
Batting: RHB Zack Tamburino 0-0: Ball
Armando Damasco steals 3rd base
1-0: Fielders Choice at 2nd, 6-4 (Groundball, 6MS, EV 78.1 MPH)
Armando Damasco scores
Pitching: LHP Luis Munguia
Batting: RHB John Brady 0-0: Ball
1-0: Foul Ball, location: 2F
1-1: Reached via error on a dropped throw from SS, E3 (Groundball, 6S, EV 86.9 MPH)
Zack Tamburino to second
Batting: RHB Andy Hall 0-0: Ball
1-0: Fielders Choice at 3rd, U5 (Groundball, 5, EV 87.5 MPH)
Top of the 5th over - 1 run, 1 hit, 1 error, 1 left on base; Tennessee 5 - Pensacola 0
BOTTOM OF THE 5TH
Pensacola Blue Wahoos batting - Pitching for Tennessee Smokies : LHP Andy Stember
Now in RF: Armando Damasco
Batting: SHB Basilio Santana 0-0: Ball
1-0: Called Strike
1-1: Foul Ball, location: 9LSF
1-2: Foul Ball, location: 2F
1-2: Ball
2-2: Ball
3-2: SINGLE (Groundball, 56D, EV 98.1 MPH)
Batting: RHB Jeremy Kennedy 0-0: Ball
1-0: Ball
2-0: SINGLE (Flyball, 89M, EV 92.5 MPH)
Basilio Santana to second
Batting: SHB Alex Valdivia 0-0: Ball
1-0: Called Strike
1-1: Swinging Strike
1-2: Ball
2-2: SINGLE (Line Drive, 78S, EV 102.5 MPH)
Basilio Santana to third
Jeremy Kennedy to second
Batting: RHB Jake Powell 0-0: Foul Ball, location: 2F
0-1: Ball
1-1: Called Strike
1-2: Foul Ball, location: 3DF
1-2: Ball
2-2: Fly out, F7 (Flyball, 7, EV 80.0 MPH)
Runner from 3rd tags up, SCORES, no throw by LF
Batting: RHB Pete Martens 0-0: Called Strike
0-1: Ball
1-1: SINGLE (Groundball, 4MD, EV 110.6 MPH)
Jeremy Kennedy to third
Alex Valdivia to second
Runner from 3rd tries for Home, SAFE, throw by CF to home
Alex Valdivia to third
Pete Martens to second
Batting: RHB Nick Gillett 0-0: Swinging Strike
0-1: Called Strike
0-2: Foul Ball, location: 2F
0-2: Ball
1-2: Ball
2-2: Ball
3-2: Strikes out swinging
Batting: SHB Blaine Rivera 0-0: Called Strike
0-1: Called Strike
0-2: Ball
1-2: Ball
2-2: Ball
3-2: Base on Balls
Batting: RHB Ryan Kralik 0-0: Called Strike
0-1: Ball
1-1: Ball
2-1: Ball
3-1: Called Strike
3-2: Base on Balls
Alex Valdivia scores
Pete Martens to third
Blaine Rivera to second
Batting: RHB Leo Rodriguez 0-0: Called Strike
0-1: Ball
1-1: Foul Ball, location: 2F
1-2: Foul Ball, location: 2F
1-2: Ball
2-2: Foul Ball, location: 2F
2-2: Foul Ball, location: 2F
2-2: Ground out 4-3 (Groundball, 4, EV 90.6 MPH)
Bottom of the 5th over - 3 runs, 4 hits, 0 errors, 3 left on base; Tennessee 5 - Pensacola 3
TOP OF THE 6TH
Tennessee Smokies batting - Pitching for Pensacola Blue Wahoos : LHP Luis Munguia
Batting: RHB Mike Lowery 0-0: Ball
1-0: Ball
2-0: Ball
3-0: Called Strike
3-1: SINGLE (Line Drive, 8LS, EV 105.0 MPH)
Batting: LHB John Griffin 0-0: Ball
Mike Lowery steals 2nd base
1-0: Swinging Strike
1-1: Ball
2-1: Swinging Strike
2-2: Fly out, F9 (Flyball, 89M, EV 81.9 MPH)
Batting: RHB Jaylen Craighead 0-0: Intentional Walk
Batting: LHB Leo Garcia 0-0: Ball
Mike Lowery steals 3rd base (no throw)
1-0: Called Strike
1-1: Swinging Strike
1-2: Strikes out looking
Batting: LHB Armando Damasco 0-0: Fly out, F3 (Popup, 3, EV 67.5 MPH)
Top of the 6th over - 0 runs, 1 hit, 0 errors, 2 left on base; Tennessee 5 - Pensacola 3
BOTTOM OF THE 6TH
Pensacola Blue Wahoos batting - Pitching for Tennessee Smokies : LHP Andy Stember
Pitching: RHP Alvaro Reyes
Batting: SHB Basilio Santana 0-0: Called Strike
0-1: Ball
1-1: Ground out 4-3 (Groundball, 4D, EV 90.0 MPH)
Batting: RHB Jeremy Kennedy 0-0: Ball
1-0: Ground out 6-3 (Groundball, 6, EV 102.5 MPH)
Batting: SHB Alex Valdivia 0-0: Called Strike
0-1: Ball
1-1: Ball
2-1: Foul Ball, location: 9LMF
2-2: Ground out 4-3 (Groundball, 4D, EV 94.4 MPH)
Bottom of the 6th over - 0 runs, 0 hits, 0 errors, 0 left on base; Tennessee 5 - Pensacola 3
TOP OF THE 7TH
Tennessee Smokies batting - Pitching for Pensacola Blue Wahoos : LHP Luis Munguia
Batting: LHB Armando Dias 0-0: Ball
1-0: SINGLE (Groundball, 4MD, EV 97.5 MPH)
Batting: RHB Zack Tamburino 0-0: Ball
1-0: Grounds into double play, 1-6-3 (Groundball, 13, EV 69.4 MPH)
Batting: RHB John Brady 0-0: Ball
1-0: Foul Ball, location: 23F
1-1: Ball
2-1: Foul Ball, location: 3F
2-2: Foul Ball, location: 2F
2-2: Fly out, F7 (Flyball, 7, EV 85.0 MPH)
Top of the 7th over - 0 runs, 1 hit, 0 errors, 0 left on base; Tennessee 5 - Pensacola 3
BOTTOM OF THE 7TH
Pensacola Blue Wahoos batting - Pitching for Tennessee Smokies : RHP Alvaro Reyes
Batting: RHB Jake Powell 0-0: Swinging Strike
0-1: Ball
1-1: Foul Ball, location: 3F
1-2: Strikes out swinging
Batting: RHB Pete Martens 0-0: Foul Ball, location: 2F
0-1: Ball
1-1: Swinging Strike
1-2: Ball
2-2: Strikes out swinging
Batting: RHB Nick Gillett 0-0: Ball
1-0: Ball
2-0: Foul Ball, location: 2F
2-1: Ball
3-1: Swinging Strike
3-2: Foul Ball, location: 7LSF
3-2: Strikes out swinging
Bottom of the 7th over - 0 runs, 0 hits, 0 errors, 0 left on base; Tennessee 5 - Pensacola 3
TOP OF THE 8TH
Tennessee Smokies batting - Pitching for Pensacola Blue Wahoos : LHP Luis Munguia
Batting: RHB Andy Hall 0-0: Called Strike
0-1: Foul Ball, location: 25FF
0-2: Strikes out swinging passed ball, reaches first!
Batting: RHB Mike Lowery 0-0: Called Strike
0-1: Ball
1-1: Foul Ball, location: 23F
1-2: SINGLE (Line Drive, 8LS, EV 106.3 MPH)
Andy Hall to second
Pinch Hitting: RHB Jose Cano 0-0: Ball
1-0: Ground out U3 (Groundball, 34S, EV 66.9 MPH)
Andy Hall to third
Mike Lowery to second
Batting: RHB Jaylen Craighead 0-0: Intentional Walk
Batting: LHB Leo Garcia 0-0: Fly out, F8 (Line Drive, 89D, EV 88.1 MPH)
Runner from 3rd tags up, SCORES, throw by CF
Mike Lowery to third
Pinch Hitting: RHB John Myers 0-0: Foul Ball, location: 3SF
0-1: Ball
1-1: Called Strike
1-2: Strikes out swinging
Top of the 8th over - 1 run, 1 hit, 0 errors, 2 left on base; Tennessee 6 - Pensacola 3
BOTTOM OF THE 8TH
Pensacola Blue Wahoos batting - Pitching for Tennessee Smokies : RHP Alvaro Reyes
Now at 1B: John Myers
Now in RF: Bill Buschke
Batting: SHB Blaine Rivera 0-0: SINGLE (Line Drive, 78M, EV 100.6 MPH)
Batting: RHB Ryan Kralik 0-0: Foul Ball, location: 25FF
0-1: Ball
1-1: DOUBLE (Line Drive, 89M, EV 92.5 MPH)
Blaine Rivera to third
Pitching: RHP Jeremy Porras
Batting: RHB Leo Rodriguez 0-0: SINGLE (Line Drive, 34D, EV 94.4 MPH)
Blaine Rivera scores
Ryan Kralik to third
Batting: SHB Basilio Santana 0-0: Called Strike
0-1: Ball
1-1: Called Strike
1-2: Strikes out swinging
Pinch Hitting: SHB Sean Simple 0-0: Ball
1-0: Foul Ball, location: 5DF
1-1: Foul Ball, location: 9LDF
1-2: Ball
2-2: Foul Ball, location: 23F
2-2: SINGLE (Groundball, 6MD, EV 98.8 MPH)
Ryan Kralik scores
Leo Rodriguez to second
Runner from 2nd tries for 3rd, SAFE, throw by CF made to third
Batting: SHB Alex Valdivia 0-0: Swinging Strike
0-1: Ball
1-1: Ball
2-1: DOUBLE (Flyball, 8RXD, EV 96.9 MPH)
Leo Rodriguez scores
Sean Simple to third
Batting: RHB Jake Powell 0-0: Called Strike
0-1: Ball
1-1: Called Strike
1-2: Fielders Choice at home, 6-2 (Groundball, 4M, EV 88.1 MPH)
Alex Valdivia to third
Batting: RHB Pete Martens 0-0: Ground out 4-3 (Groundball, 4, EV 85.6 MPH)
Bottom of the 8th over - 3 runs, 5 hits, 0 errors, 2 left on base; Tennessee 6 - Pensacola 6
TOP OF THE 9TH
Tennessee Smokies batting - Pitching for Pensacola Blue Wahoos : LHP Luis Munguia
Pitching: RHP Andy Hert
Now at C: Roman Escalante
Batting: LHB Armando Dias 0-0: Ball
1-0: Ball
2-0: Foul Ball, location: 2RF
2-1: Ball
3-1: Called Strike
3-2: Base on Balls
Pinch Hitting: SHB Al de Santiago 0-0: Ball
1-0: Called Strike
1-1: Ball
2-1: Foul Ball, location: 23F
2-2: Strikes out looking
Batting: RHB John Brady 0-0: Called Strike
0-1: Swinging Strike
0-2: Foul Ball, location: 2F
0-2: Foul Ball, location: 2F
0-2: Strikes out swinging
Batting: RHB Andy Hall 0-0: Ball
1-0: Called Strike
1-1: Ball
2-1: Ball
3-1: SINGLE (Flyball, 8LS, EV 96.9 MPH)
Armando Dias to second
Batting: RHB Mike Lowery 0-0: Called Strike
0-1: Ball
1-1: Ball
2-1: Swinging Strike
2-2: Strikes out swinging, 2-3 out at first.
Top of the 9th over - 0 runs, 1 hit, 0 errors, 2 left on base; Tennessee 6 - Pensacola 6
BOTTOM OF THE 9TH
Pensacola Blue Wahoos batting - Pitching for Tennessee Smokies : RHP Jeremy Porras
Now at 1B: Al de Santiago
Now at 3B: John Myers
Batting: RHB Nick Gillett 0-0: Ground out 1-3 (Groundball, 15S, EV 69.4 MPH)
Batting: SHB Blaine Rivera 0-0: Ball
1-0: Called Strike
1-1: Ground out 4-3 (Groundball, 4, EV 86.3 MPH)
Batting: RHB Ryan Kralik 0-0: Ball
1-0: Fly out, F9 (Line Drive, 9S, EV 93.1 MPH)
Bottom of the 9th over - 0 runs, 0 hits, 0 errors, 0 left on base; Tennessee 6 - Pensacola 6
TOP OF THE 10TH
Tennessee Smokies batting - Pitching for Pensacola Blue Wahoos : RHP Andy Hert
Mike Lowery starts the inning at 2nd base.
Pinch Hitting: LHB John Chapman 0-0: Intentional Walk
Batting: RHB Jaylen Craighead 0-0: Ball
1-0: Foul Ball, location: 2F
1-1: Foul Ball, location: 2F
1-2: Strikes out swinging
Batting: LHB Leo Garcia 0-0: Foul Ball, location: 2F
0-1: Swinging Strike
0-2: Strikes out looking
Pitching: LHP Zion Carter
Batting: RHB John Myers 0-0: Fly out, F3 (Popup, 3L, EV 57.5 MPH)
Top of the 10th over - 0 runs, 0 hits, 0 errors, 2 left on base; Tennessee 6 - Pensacola 6
BOTTOM OF THE 10TH
Pensacola Blue Wahoos batting - Pitching for Tennessee Smokies : RHP Jeremy Porras
Ryan Kralik starts the inning at 2nd base.
Now in RF: John Chapman
Batting: RHB Leo Rodriguez 0-0: Ball
1-0: Sac Bunt to 23 - play at first, batter OUT! 3-4
Ryan Kralik to third
Batting: SHB Basilio Santana 0-0: Ball
1-0: SINGLE (Groundball, 56, EV 110.0 MPH)
Ryan Kralik scores
Bottom of the 10th over - 1 run, 1 hit, 0 errors, 1 left on base; Tennessee 6 - Pensacola 7
Wednesday, May 28th , 2025 - OOTP Baseball 26.3 Build 55